 Dungeon Crawl Stone Soup version 0.22-a0-467-g5c5de1c (webtiles) character file.

6584 Tallim the Spear-Bearer (level 11, -1/93 HPs)
             Began as a Hill Orc Fighter on June 10, 2018.
             Was a Believer of Beogh.
             Slain by a six-headed hydra (6 damage)
             ... on level 1 of the Lair of Beasts.
             The game lasted 00:50:51 (8495 turns).

Tallim the Spear-Bearer (Hill Orc Fighter)          Turns: 8495, Time: 00:50:52

Health: -1/93      AC: 13    Str: 22    XL:     11   Next: 1%
Magic:  11/11      EV:  5    Int:  9    God:    Beogh [**....]
Gold:   316        SH: 14    Dex: 10    Spells: 10/10 levels left

rFire    + + .     SeeInvis .   E - +2 trident (vamp)
rCold    + . .     Gourm    .   c - +0 shield
rNeg     . . .     Faith    .   l - +0 plate armour
rPois    +         Spirit   .   (no helmet)
rElec    .         Reflect  +   q - scarf {rC+ rF+}
rCorr    .         Harm     .   (no gloves)
MR       .....                  (no boots)
Stlth    ..........             C - +3 amulet of reflection
HPRegen  0.25/turn              w - ring of poison resistance
MPRegen  0.12/turn              j - ring of protection from fire

@: very slightly contaminated, hasted, very quick
A: no striking features
a: Smiting, Renounce Religion


You were on level 1 of the Lair of Beasts.
You worshipped Beogh.
Beogh was pleased with you.
You were not hungry.

You visited 2 branches of the dungeon, and saw 9 of its levels.

You collected 453 gold pieces.
You spent 137 gold pieces at shops.

Inventory:

Hand Weapons
 E - a +2 vampiric trident (weapon)
 K - a +2 trident of protection
Missiles
 o - 8 tomahawks (quivered)
Armour
 c - a +0 shield (worn)
 l - a +0 plate armour (worn)
 q - a scarf of resistance (worn)
Jewellery
 j - a ring of protection from fire (right hand)
 v - a +2 ring of evasion
 w - a ring of poison resistance (left hand)
 y - an uncursed amulet of magic regeneration
 A - an uncursed ring of stealth
 C - a +3 amulet of reflection (around neck)
 H - an uncursed ring of wizardry
Wands
 u - a wand of random effects (29)
 G - a wand of flame (15)
 I - a wand of paralysis (15)
 L - a wand of iceblast (4)
Scrolls
 a - a scroll of magic mapping {unknown}
 b - a scroll of fear
 e - 6 scrolls of teleportation
 k - 3 scrolls of remove curse
 s - 2 scrolls of amnesia
 z - 2 scrolls of acquirement {unknown}
 B - 2 scrolls of noise {unknown}
 J - a scroll of immolation {unknown}
Potions
 d - a potion of might
 g - a potion of invisibility {unknown}
 h - 4 potions of curing
 i - a potion of cancellation {unknown}
 m - a potion of lignification {unknown}
 n - 2 potions of brilliance {unknown}
 p - 3 potions of haste
 r - 2 potions of heal wounds {unknown}
 t - a potion of mutation {unknown}
 x - 3 potions of flight {unknown}
Comestibles
 f - 10 rations


   Skills:
 + Level 7.7 Fighting
 * Level 12.8 Polearms
 + Level 1.1 Throwing
 + Level 7.5 Armour
 - Level 0.1 Dodging
 + Level 0.6 Stealth
 + Level 8.6 Shields
 + Level 0.1 Invocations


You had 10 spell levels left.
You didn't know any spells.
Your spell library was empty.

Dungeon Overview and Level Annotations

Branches:
Dungeon (8/15)             Temple (0/1) D:6            Lair (1/6) D:8

Altars:
Vehumet

Shops:
D:5 (   D:7 }=(   D:8 *


Message History

The six-headed hydra bites you but does no damage.
Blink to where?
Press: ? - help, Dir - move target cursor You are very lightly contaminated with residual magic.
As you read the scroll of blinking, it crumbles to dust.
You feel yourself speed up.
You start resting.
The six-headed hydra is too close now for your liking.
You hit the six-headed hydra.
You feel better.
The six-headed hydra is heavily wounded.
Evoke which item? (* to show all) (? for menu, Esc to quit)
Aiming: Paralyse
Press: ? - help, Shift-Dir - straight line, f - six-headed hydra
Aim: a six-headed hydra (heavily wounded, chance to defeat MR: 15%)
The six-headed hydra resists with almost no effort.
The six-headed hydra bites you!
* * * LOW HITPOINT WARNING * * *
You block the six-headed hydra's attack. x2
The six-headed hydra bites you.
You die...

...............†.......######....
.................................
.................................
......#######..........#.###.....
#.#...# #....###....####....#
###...[ ###...## #....#P##....#
....#####.#...####............#
..............................#
.........D@...............#
.........###.#............#
P###.....####....#.###....#
##.....# ##...#####....#
.####....#####............#
.........##.#.............# ⌠...
..........................#
....##..........................P
.....##.......................>.P


You could see a six-headed hydra.

Vanquished Creatures
  The ghost of Patate the Ruffian, a novice TrMo of Okawaru (D:8)
  A black mamba (Lair:1)
  A hippogriff (D:8)
  The ghost of HyperPerson7 the Firebug, an amateur DEFE (D:4)
  5 yaks (Lair:1)
  A wyvern (D:8)
  A basilisk (D:8)
  A water moccasin (D:7)
  Duvessa (D:4)
  A necrophage (D:6)
  2 phantoms
  3 porcupines (D:8)
  2 black bears (D:8)
  2 ice beasts (D:5)
  11 wolves
  2 ogres (D:5)
  5 centaurs
  4 crocodiles
  A big kobold (D:7)
  4 bullfrogs
  Dowan (D:4)
  5 killer bees (D:8)
  3 wights (D:8)
  A howler monkey (D:6)
  A centaur zombie (D:5)
  2 crimson imps
  3 hounds
  2 jellies
  2 centaur skeletons
  5 orc wizards
  5 iguanas
  2 worker ants
  A hound skeleton (D:5)
  A worker ant zombie (D:6)
  7 gnolls
  14 adders
  A shadow imp (D:5)
  An ooze (D:1)
  4 worms
  3 dart slugs
  13 leopard geckos
  21 orcs
  6 bats
  6 giant cockroaches
  4 goblins
  10 hobgoblins
  2 jackals (D:1)
  8 quokkas
  A ball python (D:2)
  6 frilled lizards
  A giant cockroach zombie (D:6)
  11 kobolds
  A quokka skeleton (D:4)
  6 rats
210 creatures vanquished.

Vanquished Creatures (others)
  A bullfrog (D:7)
  A centaur skeleton (D:7)
  2 orcs (D:7)
  A plant (D:8)
5 creatures vanquished.

Grand Total: 215 creatures vanquished

Notes
Turn   | Place    | Note
-------+----------+-------------------------------------------
     0 | D:1      | Tallim the Hill Orc Fighter began the quest for the Orb.
     0 | D:1      | Reached XP level 1. HP: 19/19 MP: 1/1
    62 | D:1      | Reached XP level 2. HP: 27/27 MP: 2/2
   367 | D:1      | Reached XP level 3. HP: 26/33 MP: 3/3
  1158 | D:2      | Reached skill level 3 in Polearms
  1158 | D:2      | Reached XP level 4. HP: 32/40 MP: 4/4
  1581 | D:3      | Reached XP level 5. HP: 25/46 MP: 5/5
  1999 | D:3      | Reached skill level 4 in Polearms
  2171 | D:3      | Reached XP level 6. HP: 52/53 MP: 6/6
  2467 | D:4      | Reached skill level 5 in Polearms
  2549 | D:4      | Noticed HyperPerson7's ghost (amateur DEFE)
  2565 | D:4      | Killed HyperPerson7's ghost
  2565 | D:4      | Reached skill level 5 in Shields
  2565 | D:4      | Reached XP level 7. HP: 50/60 MP: 7/7
  2886 | D:4      | Became a worshipper of Beogh the Brigand
  2921 | D:4      | Noticed Duvessa
  2955 | D:4      | Killed Duvessa
  2955 | D:4      | Reached skill level 6 in Polearms
  2964 | D:4      | Noticed Dowan
  2996 | D:4      | Killed Dowan
  3063 | D:5      | Entered Level 5 of the Dungeon
  3144 | D:5      | Reached skill level 5 in Fighting
  3144 | D:5      | Reached skill level 7 in Polearms
  3144 | D:5      | Reached XP level 8. HP: 63/68 MP: 8/8
  3463 | D:5      | Reached skill level 8 in Polearms
  3807 | D:5      | Found Naceroy's Antique Weapon Emporium.
  3913 | D:5      | Reached skill level 5 in Armour
  4366 | D:6      | Reached * piety under Beogh
  4366 | D:6      | Reached skill level 9 in Polearms
  4709 | D:6      | Reached XP level 9. HP: 67/75 MP: 9/9
  4799 | D:6      | Found a staircase to the Ecumenical Temple.
  5333 | D:7      | Found Ukag's Weapon Boutique.
  5363 | D:7      | Bought a +0 vampiric trident for 137 gold pieces
  5466 | D:7      | Found Leodiarch's Jewellery Shoppe.
  5508 | D:7      | Reached skill level 10 in Polearms
  5639 | D:7      | Found Difibak's Gadget Boutique.
  5868 | D:7      | Found a radiant altar of Vehumet.
  6520 | D:8      | Noticed Patate's ghost (novice TrMo)
  6548 | D:8      | Killed Patate's ghost
  6625 | D:8      | Reached skill level 11 in Polearms
  6645 | D:8      | Reached XP level 10. HP: 68/84 MP: 10/10
  6654 | D:8      | Reached ** piety under Beogh
  6654 | D:8      | Reached skill level 1 in Throwing
  6695 | D:8      | Found a staircase to the Lair.
  6931 | D:8      | Found Vuof's General Store.
  6972 | D:8      | Reached skill level 12 in Polearms
  7588 | Lair:1   | Entered Level 1 of the Lair of Beasts
  7720 | Lair:1   | Noticed a black mamba
  7746 | Lair:1   | Killed a black mamba
  8321 | Lair:1   | Reached XP level 11. HP: 76/93 MP: 11/11
  8453 | Lair:1   | Noticed a six-headed hydra
  8461 | Lair:1   | HP: 4/93 [six-headed hydra (12)]
  8495 | Lair:1   | Slain by a six-headed hydra

Vault maps used:
D:1:      nzn_arrival_depleted_hourglass
D:2:      hangedman_decor_opposing
D:3:      kennysheep_big_flooded_room, first_ration, minmay_misc_feat_doors,
          grunt_ministairs_4
D:4:      uniq_duvessa
D:5:      serial_shops, kennysheep_mini_moat
D:6:      minmay_temple_entry_fiery, minmay_lizard_king
D:7:      fiery_altar_vehumet, serial_shops, shop, shop,
          nicolae_shop_temple_entry_statues_fountains
D:8:      minmay_lair_entry_grove, serial_shops, nicolae_shop_behind_doors
Lair:1:   grunt_megastairs_3

Skill      XL: |  1  2  3  4  5  6  7  8  9 10 |
---------------+-------------------------------+-----
Fighting       | 4 5 6 7 |  7.7
Shields        | 4 5 6 7 8 |  8.6
Polearms       | 3 4 5 7 9 11 12 | 12.8
Armour         | 4 5 6 7 |  7.5
Throwing       | 1 |  1.1
Dodging        | |  0.1
Stealth        | |  0.6
Invocations    | |  0.1

Action                   |  1- 3 |  4- 6 |  7- 9 | 10-12 || total
-------------------------+-------+-------+-------+-------++-------
Melee: Trident           |   137 |   248 |   468 |   370 ||  1223
Throw: Tomahawk          |       |     5 |     6 |     1 ||    12
Invok: Convert to Beogh  |       |       |     1 |       ||     1
       Smiting           |       |       |       |     1 ||     1
Evoke: Wand              |       |       |       |     5 ||     5
  Use: Scroll            |       |     9 |     5 |     5 ||    19
       Potion            |       |       |     1 |     1 ||     2
  Eat: Chunk             |     1 |       |     3 |       ||     4
       Ration            |       |     2 |     4 |     2 ||     8
Armor: Scale mail        |    38 |       |       |       ||    38
       Plate armour      |    35 |   132 |   171 |   131 ||   469
Dodge: Dodged            |    42 |    33 |    70 |    44 ||   189
Block: Shield            |    82 |   146 |   218 |   208 ||   654
       Reflection        |       |       |     2 |       ||     2

Table legend:
 A = Spawn XP
 B = Non-spawn XP
 C = Spawn XP percentage of total XP
 D = Spawn monster count
 E = Non-spawn monster count
 F = Spawn count percentage of total count
 G = Total turns spent on level
                    A         B        C        D         E        F      G
               +---------+---------+-------+---------+---------+-------+---------
         Total |       0 |    9406 |   0.0 |       0 |     210 |   0.0 |  8495
               +---------+---------+-------+---------+---------+-------+---------
           D:1 |       0 |      43 |   0.0 |       0 |      22 |   0.0 |   732
           D:2 |       0 |      72 |   0.0 |       0 |      18 |   0.0 |   749
           D:3 |       0 |     216 |   0.0 |       0 |      30 |   0.0 |   829
           D:4 |       0 |     587 |   0.0 |       0 |      13 |   0.0 |   753
           D:5 |       0 |     942 |   0.0 |       0 |      23 |   0.0 |  1003
           D:6 |       0 |     660 |   0.0 |       0 |      22 |   0.0 |   998
           D:7 |       0 |     692 |   0.0 |       0 |      22 |   0.0 |  1425
           D:8 |       0 |    3574 |   0.0 |       0 |      43 |   0.0 |  1099
        Lair:1 |       0 |    2620 |   0.0 |       0 |      17 |   0.0 |   907
               +---------+---------+-------+---------+---------+-------+---------
